 Dungeon Crawl Stone Soup version 0.28-a0-535-g6f645e4c1d (webtiles) character file.

Game seed: 11776070076486375969

715507 blank1 the Conqueror (level 27, -1/245 HPs)
             Began as a Minotaur Fighter on Sept 26, 2021.
             Was the Champion of the Shining One.
             Slain by an Orb Guardian (12 damage)
             ... while petrified by an ancient lich
             ... on level 5 of the Realm of Zot on Sept 27, 2021.
             The game lasted 03:54:33 (75990 turns).

blank1 the Conqueror (Minotaur Fighter)            Turns: 75990, Time: 03:54:34

Health: -1/245     AC:  0    Str: 29      XL:     27
Magic:  0/36       EV:  3    Int:  6      God:    the Shining One [******]
Gold:   9502       SH:  0    Dex: 11 (12) Spells: 46/46 levels left

rFire   . . .      SeeInvis .   (weapon currently unavailable)
rCold   + . .      Faith    .   (shield currently unavailable)
rNeg    + + +      Spirit   +   (armour currently unavailable)
rPois   ∞          Reflect  .   (helmet currently unavailable)
rElec   +          Harm     .   (cloak currently unavailable)
rCorr   +          Rampage  .   (gloves currently unavailable)
Will    ++...      Rnd*Tele +   (boots currently unavailable)
Stlth   ..........              M - brooch of Shielding {Spirit SH+8}
HPRegen 0.50/turn               (ring currently unavailable)
MPRegen 0.25/turn               (ring currently unavailable)

@: pig-form, silenced (expiring), resistant, petrified, fire vulnerable, unable
to drink, glowing, unable to read, very quick
A: fast, no casting, no potions, small, (horns 2), (retaliatory headbutt),
clumsy 1, (deformed body), (fire resistance 1), frail 1, sense surroundings 1,
(poison resistance), screaming 1, teleportitis 1, inability to read while
threatened, devolution 1
}: 6/15 runes: barnacled, slimy, silver, obsidian, abyssal, gossamer
a: Renounce Religion


You were on level 5 of the Realm of Zot.
You worshipped the Shining One.
The Shining One was exalted by your worship.
You were a filthy swine.
You visited 17 branches of the dungeon, and saw 69 of its levels.
You visited the Abyss 2 times.
You also visited: Ossuary, Bailey and Gauntlet.

You collected 11422 gold pieces.
You spent 1920 gold pieces at shops.

Inventory:

Hand Weapons
 l - the +5 war axe of the Blessed Realm {holy, rPois rF++ rN+ Will+}
   (You took it off a deep elf sorcerer on level 3 of the Elven Halls)

   It has been blessed by the Shining One to cause great damage to the undead
   and demons.
   rF:        It greatly protects you from fire.
   rPois:     It protects you from poison.
   rN:        It protects you from negative energy.
   Will:      It increases your willpower.
 F - a +9 sacred scourge of holy wrath
 N - the +10 executioner's axe of the Crawling Thing (melded) {freeze, rElec Dex+2}
   (Okawaru gifted it to you on level 1 of the Lair of Beasts)

   It freezes those it strikes, dealing additional cold damage.
   It can also slow down cold-blooded creatures.
   Dex:       It affects your dexterity (+2).
   rElec:     It insulates you from electricity.
Missiles
 k - 4 throwing nets
 p - 26 javelins
Armour
 h - +11 gold dragon scales (melded)
 t - a +1 kite shield of reflection
 v - the +0 hat "Midyefi" {SInv}
   (Okawaru gifted it to you on level 3 of the Vaults)

   SInv:      It lets you see invisible.
 x - a +2 pair of gloves of archery (melded)
 B - the +0 pair of boots of Refuge (melded) {Fly rElec Regen+}
   (Okawaru gifted it to you on level 1 of the Vaults)

   rElec:     It insulates you from electricity.
   Fly:       It grants you flight.
   Regen:     It increases your rate of health regeneration.
 J - the +2 hood of the Assassin (melded) {Detection Stab+ Stlth++}
   (You found it on level 7 of Gehenna)

   It allows the wearer to sense nearby creatures.
   It allows the wearer to make particularly effective stabbing attacks against
   helpless or unaware enemies with any weapon.
   Stlth:     It makes you much more stealthy.
 S - a scarf of resistance (melded)
Jewellery
 c - a +6 ring of strength (melded)
 m - the ring of Huzunoi {Will+ rCorr Dex+4 Stlth+}
   (You took it off an orc warrior on level 2 of the Orcish Mines)

   [ring of resist corrosion]

   Dex:       It affects your dexterity (+4).
   rCorr:     It protects you from acid and corrosion.
   Will:      It increases your willpower.
   Stlth:     It makes you more stealthy.
 M - the brooch of Shielding (around neck) {Spirit SH+8}
   (You took it off a tengu reaver on level 5 of the Vaults)

   [amulet of guardian spirit]

   It causes incoming damage to be divided between your reserves of health and
   magic.
   SH:        It affects your SH (+8).
 Y - the ring of the Lizard (melded) {rPois rCorr Dex+6}
   (You bought it in a shop on level 2 of the Orcish Mines)

   [ring of resist corrosion]

   Dex:       It affects your dexterity (+6).
   rPois:     It protects you from poison.
   rCorr:     It protects you from acid and corrosion.
Wands
 a - a wand of flame (170)
 i - a wand of paralysis (23)
 q - a wand of digging (36)
 w - a wand of polymorph (42)
 D - a wand of iceblast (55)
 O - a wand of acid (52)
 R - a wand of mindburst (60)
Scrolls
 b - 35 scrolls of teleportation
 n - 8 scrolls of silence
 s - 4 scrolls of brand weapon
 u - 24 scrolls of amnesia
 y - 14 scrolls of magic mapping
 A - 5 scrolls of enchant weapon
 G - 5 scrolls of fear
 H - 8 scrolls of blinking
 K - 39 scrolls of identify
 V - 8 scrolls of fog
 X - 2 scrolls of holy word
Potions
 d - 6 potions of might
 e - 25 potions of curing
 f - 15 potions of lignification
 g - 12 potions of haste
 j - 8 potions of invisibility
 o - 10 potions of heal wounds
 r - 5 potions of mutation
 z - 4 potions of magic
 C - 7 potions of cancellation
 I - 9 potions of berserk rage
 L - 2 potions of resistance
 T - 7 potions of flight
 U - 9 potions of ambrosia
 W - 10 potions of brilliance


   Skills:
 O Level 27 Fighting
 - Level 25.0 Axes
 - Level 10.0 Throwing
 O Level 27 Armour
 O Level 27 Dodging
 - Level 11.0 Shields
 - Level 10.0 Spellcasting
 + Level 17.7 Invocations
 - Level 8.0 Evocations


You had 46 spell levels left.
You didn't know any spells.
Your spell library contained the following spells:

 Spells                   Type           Power      Damage    Failure   Level
 Animate Skeleton         Necr           6%         N/A       19%         1
 Apportation              Tloc           6%         N/A       19%         1
 Beastly Appendage        Tmut           6%         N/A       19%         1
 Magic Dart               Conj           12%        1d3       19%         1
 Pain                     Necr           12%        1d4       19%         1
 Sandblast                Erth           6%         2d5       19%         1
 Shock                    Conj/Air       12%        1d3       19%         1
 Sting                    Tmut/Pois      12%        1d3       19%         1
 Blink                    Tloc           N/A        N/A       26%         2
 Call Imp                 Summ           3%         N/A       26%         2
 Corpse Rot               Necr/Air       N/A        N/A       26%         2
 Ensorcelled Hibernation  Hex/Ice        6%         N/A       26%         2
 Passwall                 Tmut/Erth      2%         N/A       26%         2
 Poisonous Vapours        Pois/Air       6%         N/A       26%         2
 Scorch                   Fire           6%         2d5       26%         2
 Searing Ray              Conj           6%         2d4       26%         2
 Slow                     Hex            3%         N/A       26%         2
 Static Discharge         Conj/Air       3%         N/A       26%         2
 Wereblood                Tmut           3%         N/A       26%         2
 Confusing Touch          Hex            3%         N/A       47%         3
 Conjure Flame            Conj/Fire      3%         6-21      47%         3
 Dazzling Flash           Conj/Hex       6%         N/A       47%         3
 Frozen Ramparts          Ice            6%         1d2       47%         3
 Gell's Gravitas          Tloc           1%         N/A       47%         3
 Ignite Poison            Fire/Tmut/Pois 3%         N/A       47%         3
 Lesser Beckoning         Tloc           3%         N/A       47%         3
 Mephitic Cloud           Conj/Pois/Air  3%         N/A       47%         3
 Ozocubu's Armour         Ice            3%         N/A       47%         3
 Spider Form              Tmut/Pois      1%         N/A       47%         3
 Stone Arrow              Conj/Erth      6%         3d7       47%         3
 Summon Guardian Golem    Hex/Summ       3%         N/A       47%         3
 Swiftness                Air            3%         N/A       47%         3
 Teleport Other           Tloc           3%         N/A       47%         3
 Tukima's Dance           Hex            3%         N/A       47%         3
 Vampiric Draining        Necr           1%         2d6       47%         3
 Airstrike                Air            1%         N/A       87%         4
 Animate Armour           Summ/Erth      6%         N/A       87%         4
 Cause Fear               Hex            1%         N/A       87%         4
 Dispel Undead            Necr           3%         3d7       87%         4
 Flame Wave               Conj/Fire      3%         3d3       87%         4
 Fulminant Prism          Conj/Hex       1%         3d6       87%         4
 Hailstorm                Conj/Ice       3%         3d3       87%         4
 Ice Form                 Ice/Tmut       3%         N/A       87%         4
 Iskenderun's Mystic Bla  Conj/Tloc      3%         2d3       87%         4
 Leda's Liquefaction      Hex/Erth       1%         N/A       87%         4
 Olgreb's Toxic Radiance  Pois           3%         N/A       87%         4
 Passage of Golubria      Tloc           N/A        N/A       87%         4
 Petrify                  Tmut/Erth      3%         N/A       87%         4
 Sticky Flame             Conj/Fire      3%         2d3       87%         4
 Summon Ice Beast         Ice/Summ       3%         N/A       87%         4
 Summon Lightning Spire   Summ/Air       3%         N/A       87%         4
 Alistair's Intoxication  Tmut/Pois      2%         N/A       99%         5
 Blade Hands              Tmut           1%         N/A       99%         5
 Borgnjor's Vile Clutch   Necr/Erth      1%         N/A       99%         5
 Fireball                 Conj/Fire      1%         3d3       99%         5
 Freezing Cloud           Conj/Ice/Air   1%         6-21      99%         5
 Irradiate                Conj/Tmut      1%         3d14      99%         5
 Iskenderun's Battlesphe  Conj           3%         2d6       99%         5
 Lee's Rapid Deconstruct  Erth           1%         3d5*      99%         5
 Lightning Bolt           Conj/Air       1%         1d12      99%         5
 Manifold Assault         Tloc           3%         N/A       99%         5
 Metabolic Englaciation   Hex/Ice        1%         N/A       99%         5
 Yara's Violent Unravell  Hex/Tmut       1%         3d3       99%         5
 Conjure Ball Lightning   Conj/Air       1%         3x3d6     100%        6
 Death Channel            Necr           1%         N/A       100%        6
 Dispersal                Tloc           1%         N/A       100%        6
 Eringya's Noxious Bog    Tmut/Pois      1%         N/A       100%        6
 Invisibility             Hex            1%         N/A       100%        6
 Simulacrum               Ice/Necr       1%         N/A       100%        6
 Starburst                Conj/Fire      1%         6d3       100%        6
 Statue Form              Tmut/Erth      2%         N/A       100%        6
 Summon Cactus Giant      Summ           1%         N/A       100%        6
 Dragon Form              Tmut           1%         N/A       100%        7
 Orb of Destruction       Conj           1%         N/A       100%        7
 Spellforged Servitor     Conj/Summ      1%         N/A       100%        7
 Storm Form               Tmut/Air       1%         N/A       100%        7
 Summon Hydra             Summ           1%         N/A       100%        7
 Disjunction              Tloc           1%         N/A       100%        8
 Ignition                 Fire           1%         3d3       100%        8
 Infestation              Necr           1%         N/A       100%        8
 Lehudib's Crystal Spear  Conj/Erth      1%         10d2      100%        8
 Chain Lightning          Conj/Air       1%         3d2       100%        9
 Dragon's Call            Summ           1%         N/A       100%        9
 Fire Storm               Conj/Fire      1%         8d1       100%        9
 Polar Vortex             Ice            1%         N/A       100%        9
 Shatter                  Erth           1%         3d6*      100%        9


Dungeon Overview and Level Annotations

Branches:
Dungeon (15/15)            Temple (1/1) D:4            Lair (6/6) D:8
 Shoals (4/4) Lair:4       Spider (4/4) Lair:3        Slime (5/5) Lair:6
    Orc (2/2) D:12            Elf (3/3) Orc:2        Vaults (5/5) D:14
  Crypt (3/3) Vaults:2       Tomb (0/3) Crypt:3      Depths (4/4) D:15
   Hell (visited)             Dis (2/7) Hell            Geh (7/7) Hell
    Coc (1/7) Hell            Tar (1/7) Hell            Zot (5/5) Depths:4
Ossuary (visited)          Bailey (visited)         Gauntlet (visited)

Altars:
Ashenzari
Cheibriados
Dithmenos
Elyvilon
Fedhas
Gozag
Hepliaklqana
Kikubaaqudgha
Makhleb
Nemelex Xobeh
Okawaru
Qazlal
Ru
Sif Muna
Trog
Uskayaw
Vehumet
Wu Jian
Xom
Yredelemnul
Zin
The Shining One
Beogh
Jiyva

Shops:
D:4 :   D:11 ?   D:15 [:?   Orc:2 ?(=!   Elf:2 :   Elf:3 ?   Vaults:4 (
Depths:2 *(*[   Depths:4 [[:

Portals:
Hell: Depths:1 Depths:2 Depths:3 Depths:4
Abyss: Depths:3 Depths:4
Pandemonium: Depths:2 Depths:4
Ziggurat: Depths:3


Innate Abilities, Weirdness & Mutations

You are a filthy swine.
You move quickly.
Your equipment is almost entirely melded.
You are incapable of wielding weapons or throwing items.
You cannot cast spells.
You cannot drink.
((You have a pair of horns on your head.))
((You reflexively headbutt those who attack you in melee.))
You are clumsy. (Dex -2)
((Armour fits poorly on your strangely shaped body.))
((Your flesh is heat resistant. (rF+)))
You are frail. (-10% HP)
You passively map a small area around you.
((Your system is resistant to poisons. (rPois)))
You occasionally shout uncontrollably at your foes.
You are occasionally teleported next to monsters.
You sometimes lose the ability to read scrolls when taking damage.
You have hidden genetic defects.


Message History

The Killer Klown barely misses you.
The ancient lich touches you but does no damage.
The Killer Klown pies you viciously!
The klown pie hits you but does no damage.
The Orb Guardian hits you!
* * * LOW HITPOINT WARNING * * *
The Killer Klown strangle-hugs you with a +10 club!
* * * LOW HITPOINT WARNING * * *
The Killer Klown completely misses you.
The ancient lich touches you but does no damage.
The Killer Klown blinks!
The Killer Klown headlocks you but does no damage.
The Orb Guardian hits you but does no damage.
The Killer Klown slaps you with a +10 club.
* * * LOW HITPOINT WARNING * * *
The Killer Klown completely misses you.
The ancient lich touches you but does no damage.
The Orb Guardian hits you but does no damage.
The Killer Klown kneecaps you but does no damage.
The ancient lich touches you but does no damage.
The Killer Klown blinks!
The Killer Klown pies you viciously! The klown pie hits you.
Moon pie!
You turn into a filthy swine.
The +10 executioner's axe of the Crawling Thing {freeze, rElec Dex+2} melds into your body.
Your scarf of resistance melds into your body.
The +2 hood of the Assassin {Detection Stab+ Stlth++} melds into your body.
Your +2 pair of gloves of archery melds into your body.
The +0 pair of boots of Refuge {Fly rElec Regen+} melds into your body.
Your +11 gold dragon scales melds into your body.
Your +6 ring of strength melds into your body.
The ring of the Lizard {rPois rCorr Dex+6} melds into your body.
The +10 executioner's axe of the Crawling Thing {freeze, rElec Dex+2} stops glowing.
You feel hot and cold all over.
Your aim is not that steady anymore.
You float gracefully downwards.
You feel weaker.
* * * LOW HITPOINT WARNING * * *
The Killer Klown pokes you with a +9 club of holy wrath!
* * * LOW HITPOINT WARNING * * *
The Orb Guardian hits you!!
You die...

.## ##### #.....#......
############...######...##.......
..........................[......
.............................#...
.........(..................#....
#####...####################.....
############# ##§..# ##.....#
............######XX..####......#
..............pphLzX............#
###########....p§XX.............#
******* ▓########p########▓▓▓▓#
,,,,,,** #.....{.........# **
,,,,,,,** *#............^#* **,
,,,,,,,,** #.............# **,,
^,,,,,,,,* ##...........## *,,^
,,,,,,,,,* #.^X........# *,,.
^^,,,,,,,* ##...........## *,,.


You could see 4 Killer Klowns, an ancient lich (fast, invisible), a death cob
and 5 Orb Guardians.

Vanquished Creatures
  Asmodeus (Geh:7)
  the Royal Jelly (Slime:5)
  2 dread liches
  4 ancient liches
  5 orbs of fire
  Mara (Elf:3)
  A juggernaut (Depths:1)
  Sojobo (Depths:2)
  A royal mummy (Crypt:3)
  Bai Suzhen (Elf:2)
  2 curse toes (Zot:1)
  The ghost of Emucol the Executioner, a veteran FoFi of Dithmenos (Crypt:3)
  Geryon (Hell)
  5 golden dragons
  Nikola (Shoals:1)
  Arachne (Spider:3)
  4 bone dragons
  Jory (Crypt:3)
  7 Brimstone Fiends
  3 electric golems
  9 hellephants
  A walking earthen tome (Depths:3)
  A Hell Sentinel (Abyss:1)
  11 tentacled monstrosities
  9 Orb Guardians (Zot:5)
  16 searing wretches
  5 liches
  Asterion (Vaults:1)
  A shard shrike skeleton (Crypt:3)
  11 titans
  10 quicksilver dragons
  4 deep elf blademasters
  11 deep elf master archers
  13 acid blobs
  8 sphinxes
  5 death cobs
  8 ancient champions
  4 tentacled starspawn
  10 shadow dragons
  9 storm dragons
  7 draconian monks
  6 tengu reavers
  5 rockslimes
  5 azure jellies
  26 fire giants
  Ilsuiw (Shoals:3)
  17 frost giants
  3 revenants
  2 quicksilver elementals (Dis:1)
  9 deep elf sorcerers
  2 draconian knights
  7 ghost moths
  13 vault wardens
  An iron dragon (Vaults:5)
  6 emperor scorpions
  2 draconian scorchers
  22 balrugs
  16 ironbound preservers
  2 spectral caustic shrikes (Depths:4)
  A curse skull (Crypt:3)
  6 draconian annihilators
  4 ghouls
  A cacodemon (Abyss:2)
  5 reapers (Hell)
  The ghost of snackwell the Warrior, a journeyman TeBe of Trog (Orc:2)
  6 draconian stormcallers
  6 draconian shifters
  2 deep elf elementalists (Elf:3)
  2 quicksilver oozes (Slime:5)
  27 very ugly things
  A caustic shrike skeleton (Crypt:1)
  26 stone giants
  8 war gargoyles
  15 vampire knights
  2 putrid mouths (Tar:1)
  5 deep elf demonologists
  10 black draconians
  11 green draconians
  3 lorocyprocas
  14 dire elephants
  21 red draconians
  A minotaur (Gauntlet)
  5 deep elf annihilators
  2 entropy weavers
  13 purple draconians
  8 spark wasps
  5 white draconians
  A dire elephant (shapeshifter) (Vaults:5)
  6 yellow draconians
  6 eidola
  9 ettins
  2 blizzard demons
  6 mummy priests (Crypt:3)
  12 jiangshi
  10 deep elf death magi
  A crystal guardian (Vaults:3)
  A quicksilver dragon zombie (Crypt:3)
  10 deep elf high priests
  10 merfolk impalers
  9 merfolk javelineers
  Josephine (Shoals:1)
  11 yaktaur captains
  2 fenstrider witch zombies (Crypt:3)
  4 fire dragons
  A quicksilver dragon skeleton (Crypt:3)
  11 boulder beetles
  12 hydras
  13 salamander tyrants
  7 ironbound thunderhulks
  2 peacekeepers
  3 rakshasas
  38 vault guards
  10 ice dragons
  9 great orbs of eyes
  2 monstrous demonspawn (Depths:4)
  3 spriggan air magi
  8 ogre magi
  15 centaur warriors
  5 merfolk avatars
  5 stokers
  7 ironbound frosthearts
  An alligator snapping turtle (Shoals:4)
  4 catoblepae
  A satyr (Shoals:4)
  5 merfolk aquamancers
  3 hell beasts
  A spectral draconian (Tar:1)
  An alligator (Lair:6)
  2 death knights
  35 dancing weapons
  7 deep troll earth magi
  33 hell hogs
  24 tengu warriors
  2 death scarabs (Gauntlet)
  17 two-headed ogres
  4 deep troll shamans
  10 spriggan berserkers
  8 vampire magi
  A thrashing horror (Abyss:2)
  9 sun demons
  8 hell knights
  An orc high priest (Orc:2)
  20 deep elf knights
  3 wretched stars
  A crystal echidna (Dis:1)
  14 soul eaters
  A golden dragon zombie (Crypt:1)
  9 iron trolls
  32 skeletal warriors
  4 shadow wraiths
  4 sixfirhies
  An anaconda zombie (Hell)
  56 deep trolls
  5 flayed ghosts
  A death drake (Abyss:3)
  A deep troll (shapeshifter) (Vaults:5)
  A swamp dragon (shapeshifter) (Vaults:4)
  12 starcursed masses (Abyss:2)
  2 sea snakes (shapeshifter)
  2 quicksilver dragon simulacra (Depths:3)
  3 glowing orange brains
  A torturous demonspawn (Depths:4)
  16 sea snakes
  2 bog bodies
  A golden dragon skeleton (Crypt:1)
  16 deep elf archers
  3 anaconda skeletons
  A shadow dragon zombie (Crypt:3)
  20 phantasmal warriors
  15 wizards
  13 orc knights
  16 harpies
  A tengu zombie (Vaults:3)
  A sphinx zombie (Crypt:3)
  Pikel (D:6)
  12 orb spiders
  2 lindwurms (Vaults:3)
  21 deep elf pyromancers
  A mana viper (shapeshifter) (Vaults:5)
  4 fire giant zombies (Depths:2)
  3 frost giant zombies (Depths:2)
  21 ironbound convokers
  52 ugly things
  An orange crystal statue (Vaults:4)
  33 deep elf zephyrmancers
  37 wolf spiders
  8 necromancers
  A tengu skeleton (Vaults:3)
  8 shining eyes
  6 orc sorcerers
  14 fauns
  7 cyclopes
  The ghost of miscthings the Magician, a novice DjCj (D:5)
  32 moths of wrath
  11 merfolk sirens
  2 frost giant skeletons (Crypt:2)
  15 manticores
  8 elephants
  Joseph (D:7)
  3 rust devils (Hell)
  5 black mambas
  7 water nymphs
  6 smoke demons
  2 torpor snails
  13 vault sentinels
  13 molten gargoyles
  An eye of devastation (Slime:5)
  An ice statue (Depths:3)
  23 cane toads
  2 gargoyles
  A naga zombie (Crypt:3)
  3 rime drakes
  An unseen horror (D:12)
  10 hellions
  3 freezing wraiths
  10 demonic crawlers
  4 tengu conjurers (Depths:3)
  3 komodo dragons
  36 yaktaurs
  A harpy zombie (Crypt:1)
  4 efreet
  2 anaconda simulacra (Hell)
  2 ancient zymes (Abyss:2)
  10 ice devils
  3 hellwings (Depths:4)
  A hydra zombie (Hell)
  4 tormentors
  A red devil (Depths:4)
  51 merfolk
  27 guardian mummies (Crypt:3)
  4 trolls
  2 polar bears (Lair:6)
  7 catoblepas skeletons (Abyss:3)
  41 jumping spiders
  A jumping spider (shapeshifter) (D:15)
  An iron troll skeleton (Crypt:1)
  4 tyrant leeches (Lair:6)
  2 wind drakes
  A sea snake skeleton (Hell)
  A troll (shapeshifter) (D:13)
  15 hornets
  6 raiju
  An ettin zombie (Vaults:2)
  64 slime creatures
  23 blink frogs
  A dream sheep (shapeshifter) (Vaults:5)
  17 dream sheep
  A black mamba zombie (Crypt:1)
  6 snapping turtles
  A fire dragon zombie (Crypt:2)
  6 large abominations
  An alligator skeleton (Hell)
  2 small abominations
  62 redbacks
  A spectral black mamba (Tar:1)
  Sigmund (D:6)
  A shadow (Abyss:1)
  11 ushabtiu (Crypt:3)
  19 flying skulls
  A guardian serpent skeleton (Crypt:3)
  6 spriggans
  30 tarantellas
  14 wraiths
  3 ynoxinuls (Abyss:2)
  5 air elementals
  13 water elementals
  4 wyverns
  A spriggan simulacrum (Coc:1)
  A wind drake skeleton (Crypt:2)
  A wind drake zombie (Crypt:1)
  A dire elephant simulacrum (Coc:1)
  7 basilisks
  31 yaks
  17 fire elementals
  5 neqoxecs
  21 vampire mosquitoes
  A spectral komodo dragon (Gauntlet)
  2 steam dragons
  A harpy simulacrum (Coc:1)
  2 chaos spawn
  A spectral cane toad (Gauntlet)
  An ogre zombie (Vaults:2)
  2 wargs
  A monstrous demonspawn zombie (Crypt:1)
  2 acid dragons
  A hydra simulacrum (Hell)
  7 hell hounds
  Duvessa (D:6)
  21 water moccasins
  2 hornet zombies
  5 necrophages
  A swamp drake (shapeshifter) (Vaults:4)
  27 orc warriors
  3 ice beasts (D:7)
  5 sky beasts
  6 ettin simulacra
  4 boggarts (Vaults:2)
  29 ogres
  20 wolves
  A dream sheep skeleton (Crypt:2)
  14 centaurs
  A phantom (D:5)
  A draconian zombie (Crypt:3)
  6 kobold brigands
  2 elf zombies
  2 lemures (D:6)
  A human zombie (Vaults:3)
  26 bullfrogs
  8 earth elementals
  2 gnoll sergeants (D:7)
  A cyclops zombie (Crypt:3)
  Dowan (D:6)
  A water moccasin zombie (D:4)
  2 scorpions
  A glowing shapeshifter simulacrum (Vaults:2)
  A wyvern skeleton (D:7)
  A yaktaur skeleton (Crypt:2)
  A shapeshifter zombie (Crypt:2)
  A cyclops skeleton (Crypt:1)
  A water moccasin skeleton (D:7)
  9 killer bees
  3 spriggan skeletons
  5 wights (Abyss:2)
  A troll skeleton (Crypt:1)
  9 howler monkeys
  3 spectral wolves (Depths:2)
  6 electric eels
  5 centaur zombies
  A bullfrog zombie (D:7)
  3 hounds
  10 jellies
  Crazy Yiuf (D:3)
  26 orc priests
  A bullfrog skeleton (D:5)
  2 gnoll shamans
  3 iguanas
  32 orc wizards
  A scorpion zombie (D:5)
  4 hell rats (Hell)
  A lightning spire (Gauntlet)
  A killer bee zombie (D:8)
  A bullfrog simulacrum (D:7)
  A demigod zombie (Crypt:3)
  A hound zombie (Ossuary)
  19 mummies
  2 howler monkey zombies
  24 gnolls
  11 adders
  A shadow imp (D:7)
  4 white imps
  5 ufetubi
  A worm zombie (Crypt:2)
  2 adder zombies
  A barachi skeleton (Crypt:2)
  2 dart slugs
  85 orcs
  8 ball pythons
  3 bats
  8 endoplasms
  3 giant cockroaches
  12 goblins
  12 hobgoblins
  7 jackals
  A quokka (D:3)
  A frilled lizard (D:3)
  4 gnoll zombies (Ossuary)
  3 hobgoblin zombies (Ossuary)
  A jackal zombie (D:5)
  43 kobolds
  A kobold skeleton (Crypt:3)
  A kobold zombie (Crypt:3)
  An orc zombie (Ossuary)
  4 rats
  A rat zombie (Ossuary)
  A bush (Lair:6)
  2 creeping infernos (Geh:7)
  43 fire vortices
  A lurking horror (Abyss:1)
  3 plants (Shoals:4)
  6 starspawn tentacles
2957 creatures vanquished.

Vanquished Creatures (others)
  A blizzard demon (Geh:5)
  A merfolk impaler (Shoals:3)
  A salamander tyrant (Geh:7)
  2 stokers
  6 hell hogs
  A wizard (Vaults:4)
  2 deep elf zephyrmancers (Elf:1)
  A hellion (Geh:5)
  An ice devil (Depths:4)
  A slime creature (Slime:3)
  A wolf (Depths:2)
  An orc wizard (D:4)
  An orc (Vaults:5)
  2 kobolds (D:6)
  7 creeping infernos
  7 fire vortices
  61 fungi
  A lurking horror (Abyss:2)
  222 plants
  2 starspawn tentacles (Abyss:2)
  4 withered plants (Gauntlet)
326 creatures vanquished.

Grand Total: 3283 creatures vanquished

Notes
Turn   | Place    | Note
-------+----------+-------------------------------------------
     0 | D:1      | blank1 the Minotaur Fighter began the quest for the Orb.
     0 | D:1      | Reached XP level 1. HP: 19/19 MP: 0/0
   147 | D:1      | Reached XP level 2. HP: 21/27 MP: 1/1
   773 | D:2      | Reached XP level 3. HP: 21/33 MP: 2/2
   780 | D:2      | Reached skill level 1 in Dodging
   780 | D:2      | Reached XP level 4. HP: 25/41 MP: 3/3
  1577 | D:3      | Reached skill level 5 in Fighting
  1680 | D:3      | Reached XP level 5. HP: 48/48 MP: 4/4
  1886 | D:3      | Found a shimmering altar of Xom.
  2340 | D:3      | Found a faded altar of an unknown god.
  2363 | D:3      | Found a runed translucent door.
  2364 | D:3      | Noticed Crazy Yiuf
  2370 | D:3      | Killed Crazy Yiuf
  2801 | D:4      | Reached skill level 5 in Axes
  2801 | D:4      | Reached XP level 6. HP: 54/57 MP: 5/5
  3268 | D:4      | Found a staircase to the Ecumenical Temple.
  3280 | Temple   | Entered the Ecumenical Temple
  3285 | Temple   | Became a worshipper of Warmaster Okawaru
  3423 | D:4      | Identified the +5 battleaxe "Vadurr" {venom, rN++ Str+7
                  | Int-5}
  3446 | D:4      | Noticed a water moccasin
  3454 | D:4      | Killed a water moccasin
  3455 | D:4      | Reached XP level 7. HP: 34/63 MP: 6/6
  3649 | D:4      | Reached skill level 5 in Armour
  3649 | D:4      | Reached skill level 5 in Shields
  3738 | D:4      | Found Laqun's Book Shop.
  3935 | D:5      | Entered Level 5 of the Dungeon
  4006 | D:5      | Found a sand-covered staircase.
  4017 | D:5      | Reached * piety under Okawaru
  4021 | Ossuary  | Entered an ossuary
  4039 | Ossuary  | Reached skill level 1 in Invocations
  4449 | D:5      | Reached XP level 8. HP: 58/73 MP: 8/8
  4700 | D:5      | Found a transporter.
  4727 | D:5      | Noticed miscthings's ghost (novice DjCj)
  5167 | D:5      | Found a transporter.
  5188 | D:5      | Reached ** piety under Okawaru
  5195 | D:5      | Killed miscthings's ghost
  5196 | D:5      | Reached skill level 5 in Dodging
  5335 | D:6      | Noticed Sigmund
  5478 | D:6      | Reached *** piety under Okawaru
  5495 | D:6      | Reached XP level 9. HP: 35/82 MP: 10/10
  5773 | D:6      | Noticed Pikel
  5776 | D:6      | Killed Sigmund
  5789 | D:6      | Killed Pikel
  5789 | D:6      | Reached **** piety under Okawaru
  6120 | D:6      | Noticed Duvessa
  6120 | D:6      | Noticed Dowan
  6127 | D:6      | Killed Duvessa
  6130 | D:6      | Killed Dowan
  6588 | D:7      | Reached skill level 10 in Fighting
  6866 | D:7      | Reached ***** piety under Okawaru
  6950 | D:7      | Noticed a cyclops
  6958 | D:7      | Killed a cyclops
  6959 | D:7      | Reached XP level 10. HP: 92/93 MP: 9/12
  6982 | D:7      | Reached skill level 10 in Axes
  7268 | D:7      | Received a gift from Okawaru
  7723 | D:7      | Noticed Joseph
  7738 | D:7      | Killed Joseph
  9042 | D:8      | Found a staircase to the Lair.
  9125 | D:8      | Reached XP level 11. HP: 78/104 MP: 13/13
 10416 | D:10     | Entered Level 10 of the Dungeon
 10418 | D:10     | Found a flagged portal.
 10425 | D:10     | Reached ****** piety under Okawaru
 10440 | D:10     | Identified the +11 short sword of the Pyrrhic Victory
                  | {flame, rF- Int+2 Stlth+} (Okawaru gifted it to you on
                  | level 10 of the Dungeon)
 10440 | D:10     | Received a gift from Okawaru
 10453 | Bailey   | Entered a bailey
 10715 | Bailey   | Reached XP level 12. HP: 113/116 MP: 14/14
 10904 | D:10     | Identified a scroll of acquirement
 10904 | D:10     | Acquired a manual of Invocations
 11074 | D:10     | Identified the +1 leather armour of Wu Jian's Fury {rN+
                  | rCorr Int-2 Dex+4}
 11560 | Lair:1   | Entered Level 1 of the Lair of Beasts
 11659 | Lair:1   | Reached skill level 5 in Invocations
 11793 | Lair:1   | Noticed an eight-headed hydra
 11799 | Lair:1   | Killed a five-headed hydra
 11991 | Lair:1   | Noticed a six-headed hydra
 11996 | Lair:1   | Killed a three-headed hydra
 11996 | Lair:1   | Identified the +10 executioner's axe of the Crawling Thing
                  | {freeze, rElec Dex+2} (Okawaru gifted it to you on level 1
                  | of the Lair of Beasts)
 11996 | Lair:1   | Received a gift from Okawaru
 11997 | Lair:1   | Reached skill level 10 in Armour
 12091 | Lair:1   | Reached skill level 15 in Axes
 12500 | Lair:2   | Noticed a catoblepas
 12510 | Lair:2   | Killed a catoblepas
 12612 | Lair:2   | Noticed a six-headed hydra
 12624 | Lair:2   | Received a gift from Okawaru
 12632 | Lair:2   | Killed a three-headed hydra
 12633 | Lair:2   | Reached XP level 13. HP: 111/124 MP: 17/19
 12874 | Lair:2   | Reached skill level 10 in Invocations
 13458 | Lair:3   | Found a gate leading to a gauntlet.
 13473 | Gauntlet | Entered a Gauntlet
 13473 | Gauntlet | Found a transporter.
 13475 | Gauntlet | Noticed a green death
 13559 | Gauntlet | Found a transporter.
 13576 | Gauntlet | Found a transporter.
 13579 | Gauntlet | Found a transporter.
 13595 | Gauntlet | Found a transporter.
 13609 | Gauntlet | Found a transporter.
 13622 | Gauntlet | Found a transporter.
 13642 | Gauntlet | Found a transporter.
 13646 | Gauntlet | Found a transporter.
 13654 | Gauntlet | Found a transporter.
 13677 | Gauntlet | Found a transporter.
 13681 | Gauntlet | Found a transporter.
 13735 | Gauntlet | Received a gift from Okawaru
 13926 | Gauntlet | Identified the +2 pair of boots of Ashenzari's Regard
                  | {rElec rPois Will- Int+3}
 13940 | Gauntlet | Identified the +6 short sword "Naset" {vorpal, Int-4 SInv}
 13940 | Gauntlet | Identified the +4 chain mail "Lasow" {Harm rC+++ Str-5
                  | Dex+4}
 13940 | Gauntlet | Noticed a minotaur
 13945 | Gauntlet | Killed a minotaur
 14172 | Lair:3   | Reached skill level 10 in Dodging
 14605 | Lair:3   | Found a hole to the Spider Nest.
 15626 | Lair:4   | You fall into a shaft and drop 2 floors!
 15626 | Lair:6   | Entered Level 6 of the Lair of Beasts
 16271 | Lair:4   | Found a staircase to the Shoals.
 16538 | Lair:5   | Identified the +1 ring mail of the Playwright {rElec rF+}
                  | (Okawaru gifted it to you on level 5 of the Lair of Beasts)
 16538 | Lair:5   | Received a gift from Okawaru
 17419 | Lair:6   | Reached skill level 15 in Fighting
 17762 | Lair:6   | Reached XP level 14. HP: 135/135 MP: 22/22
 17879 | Lair:6   | Found a staircase to the Slime Pits.
 18180 | Lair:6   | Received a gift from Okawaru
 20217 | D:11     | Found Geucw's Magic Scroll Shop.
 20837 | D:12     | Found a staircase to the Orcish Mines.
 20849 | D:12     | Received a gift from Okawaru
 20969 | D:12     | Found an ornate altar of the Wu Jian Council.
 21869 | D:13     | Received a gift from Okawaru
 21870 | D:13     | Found the +8 Wrath of Trog {antimagic, *Rage Rampage}
 22347 | D:14     | Found a gate to the Vaults.
 22366 | D:13     | Reached XP level 15. HP: 46/149 MP: 23/23
 23023 | Orc:1    | Entered Level 1 of the Orcish Mines
 23025 | Orc:1    | Gained mutation: You are dopey. (Int -2) [a neqoxec]
 23155 | Orc:1    | Received a gift from Okawaru
 23256 | Orc:1    | Paralysed by an orc sorcerer for 7 turns
 23826 | Orc:2    | Entered Level 2 of the Orcish Mines
 24193 | D:11     | Bought a scroll of enchant armour for 90 gold pieces
 24193 | D:11     | Bought a scroll of enchant armour for 90 gold pieces
 24193 | D:11     | Bought a scroll of enchant armour for 90 gold pieces
 24228 | Orc:2    | Found a staircase to the Elven Halls.
 24298 | Orc:2    | Noticed snackwell's ghost (journeyman TeBe)
 24482 | Orc:2    | Reached skill level 15 in Armour
 24485 | Orc:2    | Received a gift from Okawaru
 24523 | Orc:2    | Found a runed translucent gate.
 24525 | Orc:2    | Identified the ring of Huzunoi {Will+ rCorr Dex+4 Stlth+}
 24527 | Orc:2    | Identified the +3 plate armour of Leapfrog {Dex+4}
 24668 | Orc:2    | Found a runed translucent gate.
 24677 | Orc:2    | Found a runed translucent gate.
 25028 | Orc:2    | Found Kuryupri's Jewellery Emporium.
 25028 | Orc:2    | Found Diat Rem's Magic Scroll Boutique.
 25028 | Orc:2    | Found Kyppoaps's Distillery.
 25028 | Orc:2    | Found Caeg's Antique Weapon Emporium.
 25038 | Orc:2    | Bought a scroll of holy word for 82 gold pieces
 25038 | Orc:2    | Bought a scroll of enchant armour for 82 gold pieces
 25042 | Orc:2    | Bought the ring of the Lizard {rPois rCorr Dex+6} for 657
                  | gold pieces
 25077 | Orc:2    | Received a gift from Okawaru
 25476 | Orc:2    | Killed snackwell's ghost
 26292 | D:14     | Found an iron altar of Okawaru.
 27038 | D:15     | Entered Level 15 of the Dungeon
 27258 | D:15     | Found an opulent altar of Gozag.
 27275 | D:15     | Received a gift from Okawaru
 27587 | D:15     | Found Megerchy's Magic Scroll Shoppe.
 27590 | D:15     | Bought a scroll of enchant armour for 127 gold pieces
 27876 | D:15     | Found Suskibre's Book Shop.
 27962 | D:15     | Found Fini's Armour Shop.
 28039 | D:15     | Found a staircase to the Depths.
 28208 | D:15     | Reached XP level 16. HP: 160/160 MP: 24/24
 28497 | Spider:1 | Entered Level 1 of the Spider Nest
 29713 | Spider:2 | Received a gift from Okawaru
 30073 | Spider:2 | Identified the +7 hunting sling "Jerass" {vorpal, rPois rN+
                  | Dex+2}
 31774 | Spider:3 | Noticed Arachne
 32149 | Spider:3 | Killed Arachne
 32644 | Spider:3 | Received a gift from Okawaru
 33086 | Spider:3 | Received a gift from Okawaru
 34056 | Spider:4 | Entered Level 4 of the Spider Nest
 34105 | Spider:4 | Identified the +2 longbow "Jellybane" {venom, Str-2 Dex+8}
                  | (Okawaru gifted it to you on level 4 of the Spider Nest)
 34105 | Spider:4 | Received a gift from Okawaru
 34106 | Spider:4 | Reached XP level 17. HP: 150/168 MP: 3/25
 35057 | Spider:4 | Received a gift from Okawaru
 35079 | Spider:4 | Got a gossamer rune of Zot
 35509 | Shoals:1 | Entered Level 1 of the Shoals
 36066 | Shoals:1 | Identified the -1 cloak "Qiaryuss" {+Blink rN+ Regen+
                  | Str+3} (Okawaru gifted it to you on level 1 of the Shoals)
 36066 | Shoals:1 | Received a gift from Okawaru
 36465 | Shoals:1 | Noticed Josephine
 36471 | Shoals:1 | Killed Josephine
 36665 | Shoals:1 | Identified the +4 trident "Bitrust" {freeze, Will+}
 37349 | Shoals:1 | Noticed Nikola
 37358 | Shoals:1 | Killed Nikola
 38132 | Vaults:1 | Entered Level 1 of the Vaults
 38180 | Vaults:1 | Found the +1 cloak of Starlight {*Dazzle EV+4 Stlth--}
 38824 | Vaults:1 | Identified the +0 pair of boots of Refuge {Fly rElec
                  | Regen+} (Okawaru gifted it to you on level 1 of the Vaults)
 38824 | Vaults:1 | Received a gift from Okawaru
 38918 | Vaults:1 | Reached XP level 18. HP: 182/182 MP: 26/26
 38924 | Vaults:1 | Noticed Asterion
 38928 | Vaults:1 | Killed Asterion
 39682 | Vaults:2 | Found a staircase to the Crypt.
 39689 | Vaults:2 | Paralysed by a vampire knight for 6 turns
 39973 | Vaults:2 | Received a gift from Okawaru
 40865 | Vaults:2 | Received a gift from Okawaru
 41120 | Vaults:2 | Received a gift from Okawaru
 41234 | Vaults:2 | Lost mutation: You are dopey. (Int -2) [potion of mutation]
 41234 | Vaults:2 | Gained mutation: Your mind is acute. (Int +2) [potion of
                  | mutation]
 41671 | Vaults:3 | Reached XP level 19. HP: 89/195 MP: 27/27
 41762 | Vaults:3 | Identified the +0 hat "Midyefi" {SInv} (Okawaru gifted it
                  | to you on level 3 of the Vaults)
 41762 | Vaults:3 | Received a gift from Okawaru
 42103 | Vaults:3 | Reached skill level 15 in Dodging
 43122 | Vaults:4 | Received a gift from Okawaru
 43371 | Vaults:4 | Found Wicacw's Weapon Boutique.
 43796 | Vaults:4 | Found a transporter.
 43806 | Vaults:4 | Found a transporter.
 44015 | Vaults:4 | Received a gift from Okawaru
 44038 | Vaults:4 | Got the Reference Book on Enthralling Air
 44047 | Vaults:4 | Identified the +2 pair of boots of Moutocho {Harm}
 44301 | Vaults:4 | Reached XP level 20. HP: 201/203 MP: 29/29
 45395 | Shoals:2 | Reached skill level 15 in Invocations
 45592 | Shoals:3 | Noticed Ilsuiw
 45605 | Shoals:3 | Killed Ilsuiw
 46456 | Shoals:4 | Entered Level 4 of the Shoals
 46631 | Shoals:4 | Got a barnacled rune of Zot
 47001 | Shoals:4 | Got the Collected Works on Calling and Stones
 47202 | Shoals:4 | Identified the ring of Xuallu {rPois rN+ Will+}
 47959 | Vaults:5 | Entered Level 5 of the Vaults
 47979 | Vaults:4 | Received a gift from Okawaru
 48018 | Vaults:4 | Acquired 234 gold pieces
 48097 | Vaults:5 | Identified the +4 war axe of Puckish Defence {freeze,
                  | Dex+6}
 48288 | Vaults:4 | Reached XP level 21. HP: 75/221 MP: 29/31
 48514 | Vaults:5 | Paralysed by an ogre mage for 3 turns
 48534 | Vaults:5 | Identified the +3 hand axe "Guzir" {venom, Str+4 Dex+3}
                  | (Okawaru gifted it to you on level 5 of the Vaults)
 48534 | Vaults:5 | Received a gift from Okawaru
 48801 | Vaults:5 | Noticed an ancient lich
 48808 | Vaults:5 | Killed an ancient lich
 48809 | Vaults:5 | Reached skill level 27 in Fighting
 49180 | Vaults:5 | Got a silver rune of Zot
 49283 | Vaults:5 | Identified the ring "Otwinlo" {rC+ AC+4}
 49822 | Vaults:5 | Received a gift from Okawaru
 50023 | Vaults:5 | Identified the ring "Rulir" {Ice rElec Int-5 SInv}
 50034 | Vaults:5 | Identified the +5 ring mail "Joynn" {rF+}
 50311 | Depths:1 | Entered Level 1 of the Depths
 51482 | Depths:1 | Reached skill level 1 in Evocations
 51497 | Depths:1 | Identified the +2 buckler of the Komodo Dragon {Slay+2}
                  | (Okawaru gifted it to you on level 1 of the Depths)
 51497 | Depths:1 | Received a gift from Okawaru
 51638 | Depths:1 | Found a gateway to Hell.
 51721 | Depths:1 | Noticed a juggernaut
 51730 | Depths:1 | Killed a juggernaut
 51868 | Depths:1 | Found a shadowy altar of Dithmenos.
 52284 | Depths:2 | Found Emmiy's General Store.
 52527 | Depths:2 | Reached XP level 22. HP: 233/233 MP: 32/32
 52569 | Depths:2 | Noticed Sojobo
 52608 | Depths:2 | Paralysed by an air elemental for 1 turns
 52614 | Depths:2 | Killed Sojobo
 52766 | Depths:2 | Found a one-way gate leading to the halls of Pandemonium.
 52905 | Depths:2 | Paralysed by a vampire knight for 2 turns
 52914 | Depths:2 | Paralysed by a vampire knight for 5 turns
 52920 | Depths:2 | Received a gift from Okawaru
 52942 | Depths:2 | Found Aluiwnatai's Antique Armour Shop.
 52965 | Depths:2 | Identified the ring of Xom's Passing Interest {rElec Str+2
                  | Dex+6}
 53169 | Depths:2 | Found a basalt altar of Yredelemnul.
 53174 | Depths:2 | Reached skill level 5 in Evocations
 53179 | Depths:2 | Paralysed by a vampire knight for 4 turns
 53374 | Depths:2 | Found Oliyps's General Store.
 53491 | Depths:2 | Found Vepnemal's Weapon Shoppe.
 53665 | Depths:3 | Paralysed by a vampire knight for 6 turns
 53885 | Depths:3 | Found a broken altar of Ashenzari.
 54102 | Depths:3 | Found a glowing silver altar of Zin.
 54104 | Depths:3 | Found a gateway to a ziggurat.
 54268 | Depths:3 | Found a basalt altar of Yredelemnul.
 54270 | Depths:3 | Found a one-way gate to the infinite horrors of the Abyss.
 54414 | Depths:3 | Found a bloodstained altar of Trog.
 54529 | Depths:3 | Identified the +2 cloak "Jygregairgh" {rF++ Int-4} (Okawaru
                  | gifted it to you on level 3 of the Depths)
 54529 | Depths:3 | Received a gift from Okawaru
 54581 | Depths:3 | Lost intelligence.
 54605 | Depths:3 | You are sucked into a shaft and drop 1 floor!
 54605 | Depths:4 | Entered Level 4 of the Depths
 54958 | Depths:3 | Noticed a golden dragon
 54971 | Depths:3 | Killed a golden dragon
 54972 | Depths:3 | Reached XP level 23. HP: 194/240 MP: 24/33
 55448 | Depths:4 | Found Taatt's Armour Shoppe.
 55495 | Depths:4 | Found a broken altar of Ashenzari.
 55642 | Depths:4 | Found Qouxergh's Book Shoppe.
 55645 | Depths:4 | Found Rypryiti's Antique Armour Boutique.
 55869 | Depths:4 | Found a gate to the Realm of Zot.
 55875 | Depths:4 | Identified the +1 chain mail "Zougomn" {Fly Will+ rCorr}
                  | (Okawaru gifted it to you on level 4 of the Depths)
 55875 | Depths:4 | Received a gift from Okawaru
 56025 | Depths:4 | Found a shimmering blue altar of Sif Muna.
 56153 | Zot:1    | Entered Level 1 of the Realm of Zot
 56495 | Zot:1    | Noticed a curse toe
 56509 | Zot:1    | Killed a curse toe
 57182 | Zot:1    | Noticed a curse toe
 57192 | Zot:1    | Killed a curse toe
 57957 | Elf:1    | Entered Level 1 of the Elven Halls
 58322 | Elf:1    | Paralysed by an air elemental for 1 turns
 58863 | Elf:2    | Found Tueguqau's One-of-a-Kind Books.
 58873 | Elf:2    | Received a gift from Okawaru
 59344 | Elf:2    | Found a runed translucent gate.
 59344 | Elf:2    | Found a runed translucent gate.
 59344 | Elf:2    | Found a runed translucent gate.
 59479 | Elf:2    | Reached XP level 24. HP: 239/249 MP: 32/33
 59768 | Elf:3    | Entered Level 3 of the Elven Halls
 59838 | Elf:2    | Reached skill level 1 in Spellcasting
 59863 | Elf:3    | Noticed Bai Suzhen
 59987 | Elf:2    | Killed Bai Suzhen
 60069 | Elf:3    | Cast into level 2 of the Abyss (a deep elf sorcerer)
 60329 | Abyss:2  | Found a corrupted altar of Lugonu.
 60340 | Abyss:2  | Reached skill level 27 in Armour
 60574 | Elf:3    | Escaped the Abyss
 60688 | Elf:3    | Noticed Mara
 60698 | Elf:3    | Noticed blank1's illusion
 60718 | Elf:3    | Noticed blank1's illusion
 60720 | Elf:3    | Killed Mara
 60731 | Elf:3    | Received a gift from Okawaru
 60769 | Elf:3    | Found Iffiotto's Magic Scroll Shoppe.
 60778 | Elf:3    | Bought a scroll of enchant weapon for 112 gold pieces
 60778 | Elf:3    | Bought a scroll of enchant weapon for 112 gold pieces
 60829 | Elf:3    | Reached skill level 5 in Spellcasting
 61130 | Elf:3    | Got Zajycac's Grimoire of Earthen Bewitchment
 61156 | Elf:3    | Identified the +6 morningstar of Parts Unknown {spect, rC+}
 61156 | Elf:3    | Identified the +0 leather armour "Icuh" {Str+4 Int+4}
 61165 | Elf:3    | Identified the +5 war axe of the Blessed Realm {holy, rPois
                  | rF++ rN+ Will+}
 61191 | Elf:3    | Identified the +9 plate armour of the Vaults {Will- rCorr
                  | Str+4}
 61686 | Elf:3    | Identified the +8 hand axe "Vaizuejo" {distort, *Rage rPois
                  | Dex-3}
 61990 | Depths:2 | Bought a glowing hat for 231 gold pieces
 61990 | Depths:2 | Bought a runed kite shield for 247 gold pieces
 62723 | Temple   | Fell from the grace of Okawaru
 62723 | Temple   | Became a worshipper of the Shining One
 62962 | Crypt:1  | Entered Level 1 of the Crypt
 62996 | Crypt:1  | Reached * piety under the Shining One
 63142 | Crypt:1  | Reached ** piety under the Shining One
 63225 | Crypt:1  | Reached *** piety under the Shining One
 63299 | Crypt:1  | Reached **** piety under the Shining One
 63776 | Crypt:2  | Reached ***** piety under the Shining One
 63974 | Crypt:2  | Reached ****** piety under the Shining One
 64514 | Depths:1 | Identified a +3 sacred scourge of holy wrath (a +1 demon
                  | whip of venom blessed by the Shining One)
 64514 | Depths:1 | Received a gift from the Shining One
 64722 | Crypt:3  | Entered Level 3 of the Crypt
 64852 | Crypt:3  | Identified the +11 arbalest of Conflict {venom, Contam
                  | Str+2 Int+8}
 64951 | Crypt:3  | Reached XP level 25. HP: 257/257 MP: 34/34
 65100 | Crypt:3  | Identified the +4 spear of Woinek {freeze, rPois rF+}
 65100 | Crypt:3  | Noticed a royal mummy
 65116 | Crypt:3  | Killed a royal mummy
 65217 | Crypt:3  | Found a basalt altar of Yredelemnul.
 65359 | Crypt:3  | Identified the ring of Miracles {rN+ Str+3 Int+3}
 65359 | Crypt:3  | Identified the ring of Untruth {+Blink rN+}
 65359 | Crypt:3  | Identified the ring "Biloc" {rC++ rN+}
 66010 | Crypt:3  | Found a runed translucent gate.
 66011 | Crypt:3  | Found a runed translucent gate.
 66012 | Crypt:3  | Found a runed translucent gate.
 66028 | Crypt:3  | Noticed Jory
 66036 | Crypt:3  | Killed Jory
 66140 | Crypt:3  | Found a staircase to the Tomb.
 66194 | Crypt:3  | Noticed Emucol's ghost (veteran FoFi)
 66213 | Crypt:3  | Killed Emucol's ghost
 68527 | Zot:3    | Noticed an orb of fire
 68543 | Zot:3    | Killed an orb of fire
 68770 | Zot:4    | Reached skill level 10 in Shields
 69197 | Zot:4    | Was forgiven by Okawaru
 69590 | Zot:5    | Entered Level 5 of the Realm of Zot
 70141 | Depths:4 | Voluntarily entered the Abyss.
 70294 | Abyss:1  | Reached XP level 26. HP: 266/266 MP: 34/34
 70425 | Abyss:2  | Gained mutation: You are agile. (Dex +2) [a neqoxec]
 70622 | Abyss:3  | Found a runed translucent door.
 70638 | Abyss:3  | Identified the ring "Cakeyx" {rN+ SInv}
 70654 | Abyss:3  | Found a shimmering blue altar of Sif Muna.
 70780 | Abyss:3  | Got an abyssal rune of Zot
 70796 | Depths:4 | Escaped the Abyss
 71211 | Slime:1  | Entered Level 1 of the Pits of Slime
 71219 | Slime:1  | Gained mutation: Your magical capacity is low. (-10% MP) [a
                  | shining eye]
 71222 | Slime:1  | Lost mutation: You are agile. (Dex +2) [a shining eye]
 71313 | Slime:3  | Gained mutation: You have hidden genetic defects. [a
                  | shining eye]
 71314 | Slime:3  | Gained mutation: You have terrible hidden genetic defects.
                  | [a shining eye]
 71316 | Slime:3  | Lost mutation: Your mind is acute. (Int +2) [potion of
                  | mutation]
 71316 | Slime:3  | Lost mutation: You have terrible hidden genetic defects.
                  | [potion of mutation]
 71316 | Slime:3  | Gained mutation: You are strong-willed. (Will+) [potion of
                  | mutation]
 71340 | Slime:5  | Entered Level 5 of the Pits of Slime
 71354 | Slime:5  | Gained mutation: You are agile. (Dex +2) [a shining eye]
 71434 | Slime:5  | Found a viscous altar of Jiyva.
 71437 | Slime:5  | Noticed the Royal Jelly
 71446 | Slime:5  | Killed the Royal Jelly
 71554 | Slime:5  | Lost mutation: You are agile. (Dex +2) [a shining eye]
 71609 | Slime:5  | Gained mutation: Your body sometimes deteriorates upon
                  | taking damage. [a shining eye]
 71611 | Slime:5  | Lost mutation: You are strong-willed. (Will+) [potion of
                  | mutation]
 71611 | Slime:5  | Lost mutation: Your body sometimes deteriorates upon taking
                  | damage. [potion of mutation]
 71611 | Slime:5  | Lost mutation: Your magical capacity is low. (-10% MP)
                  | [potion of mutation]
 71611 | Slime:5  | Gained mutation: You sometimes lose the ability to read
                  | scrolls when taking damage. [potion of mutation]
 71611 | Slime:5  | Gained mutation: Your mind is acute. (Int +2) [potion of
                  | mutation]
 71626 | Slime:5  | Identified the +5 scale mail of Daisies {-Cast Rampage rF+
                  | Str+4}
 71632 | Slime:5  | Identified the ring of Cufueloc {rPois rN+}
 71672 | Slime:5  | Got a slimy rune of Zot
 71691 | Slime:5  | Got the Volume of Destructive Companions
 71717 | Slime:5  | Identified the ring of the Pure Xenops {*Slow MP+9 Int+7
                  | SInv}
 71723 | Slime:5  | Got the Guide on Destructive Stolen Souls
 72135 | Hell     | Entered the Vestibule of Hell
 72135 | Hell     | Noticed Geryon
 72149 | Hell     | Killed Geryon
 72166 | Hell     | Gained mutation: You have terrible hidden genetic defects.
                  | [hidden defects]
 72285 | Hell     | Reached skill level 27 in Dodging
 72301 | Hell     | Lost mutation: You have terrible hidden genetic defects.
                  | [potion of mutation]
 72301 | Hell     | Lost mutation: You have hidden genetic defects. [potion of
                  | mutation]
 72301 | Hell     | Lost mutation: You sometimes lose the ability to read
                  | scrolls when taking damage. [potion of mutation]
 72301 | Hell     | Gained mutation: Your flesh is heat resistant. (rF+)
                  | [potion of mutation]
 72301 | Hell     | Gained mutation: You tend to lose your temper in combat.
                  | [potion of mutation]
 72301 | Hell     | Gained mutation: You passively map a small area around you.
                  | [potion of mutation]
 72329 | Hell     | Found a gateway to the freezing wastes of Cocytus.
 72437 | Hell     | Found a gateway to the decaying netherworld of Tartarus.
 72608 | Hell     | Found a gateway to the Iron City of Dis.
 72686 | Hell     | Found a gateway to the ashen valley of Gehenna.
 72699 | Geh:1    | Entered Level 1 of Gehenna
 73197 | Geh:4    | Noticed a dread lich
 73208 | Geh:4    | Paralysed by a dread lich for 3 turns
 73214 | Geh:4    | Killed a dread lich
 73215 | Geh:4    | Reached skill level 1 in Throwing
 73368 | Hell     | Reached XP level 27. HP: 273/273 MP: 35/35
 73950 | Geh:5    | Reached skill level 5 in Throwing
 74164 | Geh:6    | Lost intelligence.
 74233 | Geh:7    | Entered Level 7 of Gehenna
 74240 | Geh:7    | Noticed an ancient lich
 74249 | Geh:7    | Killed an ancient lich
 74250 | Geh:7    | Reached skill level 10 in Spellcasting
 75136 | Geh:7    | Found the +2 hood of the Assassin {Detection Stab+ Stlth++}
 75136 | Geh:7    | Found the +7 sceptre of Asmodeus
 75136 | Geh:7    | Noticed Asmodeus
 75151 | Geh:7    | Killed Asmodeus
 75164 | Geh:7    | Identified the quicksilver dragon scales of Theory {rPois
                  | rF- Will+ Regen+ SInv}
 75171 | Geh:7    | Got an obsidian rune of Zot
 75304 | Tar:1    | Entered Level 1 of Tartarus
 75310 | Tar:1    | Noticed an ancient lich
 75321 | Tar:1    | Killed an ancient lich
 75322 | Tar:1    | Reached skill level 10 in Throwing
 75406 | Coc:1    | Entered Level 1 of Cocytus
 75456 | Dis:1    | Entered Level 1 of the Iron City of Dis
 75942 | Zot:5    | Noticed an orb of fire
 75943 | Zot:5    | Noticed an orb of fire
 75943 | Zot:5    | Noticed an orb of fire
 75947 | Zot:5    | Noticed an ancient lich
 75948 | Zot:5    | Noticed an orb of fire
 75951 | Zot:5    | Noticed a dread lich
 75952 | Zot:5    | Gained mutation: You are clumsy. (Dex -2) [an orb of fire]
 75955 | Zot:5    | Gained mutation: You occasionally shout uncontrollably at
                  | your foes. [an orb of fire]
 75955 | Zot:5    | Lost mutation: Your mind is acute. (Int +2) [an orb of
                  | fire]
 75956 | Zot:5    | Killed an orb of fire
 75958 | Zot:5    | Gained mutation: You are frail. (-10% HP) [an orb of fire]
 75958 | Zot:5    | Gained mutation: You sometimes lose the ability to read
                  | scrolls when taking damage. [an orb of fire]
 75961 | Zot:5    | Noticed an ancient lich
 75964 | Zot:5    | Killed a dread lich
 75964 | Zot:5    | Killed an orb of fire
 75965 | Zot:5    | Gained mutation: Your system is resistant to poisons.
                  | (rPois) [an orb of fire]
 75965 | Zot:5    | Gained mutation: You are occasionally teleported next to
                  | monsters. [an orb of fire]
 75966 | Zot:5    | Killed an orb of fire
 75969 | Zot:5    | Lost mutation: You tend to lose your temper in combat. [an
                  | orb of fire]
 75970 | Zot:5    | Gained mutation: You have hidden genetic defects. [an orb
                  | of fire]
 75972 | Zot:5    | Gained mutation: Armour fits poorly on your strangely
                  | shaped body. [an orb of fire]
 75980 | Zot:5    | Killed an orb of fire
 75980 | Zot:5    | Killed an ancient lich
 75990 | Zot:5    | HP: 11/245 [Killer Klown (7)]
 75990 | Zot:5    | Slain by an Orb Guardian

Illustrated notes

Levels and vault maps discovered:
D:1:      minmay_arrival_nine_rooms, layout_rooms, chequers_mini_garden,
          minmay_octomino_c4
D:2:      layout_loops_ring
D:3:      layout_loops_corners, lemuel_crystal_altar, basic_ecumenical_altar,
          kennysheep_generic_room_2, uniq_crazy_yiuf_cottage
D:4:      layout_basic, minmay_temple_entry_waves, serial_shops,
          nicolae_square_shop, chequers_serial_rivers_micro_b
D:5:      layout_cave_pools, enter_ossuary_3, gammafunk_ghost_smash,
          chequers_arboretum
D:6:      layout_cave_pools, uniq_pikel, uniq_sigmund, uniq_duvessa
D:7:      nzn_winding_woodlands_cross [nzn_winding_woodlands_5x15_sawtooth,
          nzn_winding_woodlands_5x15_cabin,
          nzn_winding_woodlands_5x15_sidewinder,
          nzn_winding_woodlands_5x15_pockets,
          nzn_winding_woodlands_15x15_five_gardens], layout_gridville,
          kennysheep_diamond, uniq_joseph
D:8:      layout_basic, due_lair_maze_entry_diamond
D:9:      layout_loops_ring
D:10:     layout_roguey, enter_bailey_5
D:11:     layout_roguey, serial_shops, nicolae_take_the_stairs
D:12:     layout_roguey, erik_orc_4, pdpol_wu_jian_five_deadly_venoms
D:13:     layout_cave_pods
D:14:     kennysheep_big_flooded_room, layout_small_grid, erik_vaults_2,
          okawaru_gym_becter, nrook_loot_triangle
D:15:     grunt_enter_depths_snipers, layout_irregular_city,
          nicolae_gozag_seed_capital, serial_shops, shop,
          nicolae_shop_statue_plus, shop
Temple:   compressed_dpeg_triangle_lava_temple
Lair:1:   layout_loops_ring, grunt_forest_stairs_basic, columned_hall_lemuel
Lair:2:   layout_roguey
Lair:3:   layout_gridlike, spider_nest_entry_web_field, gauntlet_entry_generic,
          nicolae_lair_grove_arrangements
Lair:4:   layout_cave_pods, elwin_shoals_entry_rooms, grunt_megastairs_5,
          infiniplex_staircase_pool, serial_bayou_shore_a
Lair:5:   layout_long_grid, grunt_megastairs_4
Lair:6:   minmay_lair_end_frog_pond, layout_small_grid, slime_dummy,
          serial_bayou_pond_b, grunt_forest_large_clearing_hut,
          lemuel_fruit_fields
Shoals:1: layout_shoals, nicolae_shoals_flooded_hall, uniq_nikola,
          uniq_josephine
Shoals:2: layout_shoals
Shoals:3: layout_shoals, nicolae_shoals_pincushion_passage, uniq_ilsuiw
Shoals:4: shoals_end_hangedman, layout_shoals
Spider:1: layout_chambers
Spider:2: layout_chambers
Spider:3: layout_chambers, nicolae_arachne_temple
Spider:4: spider_rune_water
Slime:1:  layout_caves
Slime:2:  layout_caves
Slime:3:  layout_caves, nicolae_slime_welcoming_committee
Slime:4:  layout_caves
Slime:5
Orc:1:    layout_caves
Orc:2:    st_orc_ogre_mass, layout_caves, biasface_ghost_orc_armoury
Elf:1:    eino_elf_arrival_shootout, layout_loops_corners, minivault_28
Elf:2:    nicolae_elf_blades_splatter_lattice
          [nicolae_blade_entry_hurt_lockers], layout_geoelf_octagon,
          serial_sigils, serial_sigils_hangedman_etch,
          serial_sigils_hangedman_quiver, serial_sigils_hangedman_shear,
          serial_sigils_hangedman_shear, grunt_ministairs_4, nicolae_rare_books
Elf:3:    minmay_elf_hall_circle, layout_loops_cross, serial_shops,
          nicolae_shop_trees, serial_sigils_hangedman_writhe,
          amcnicky_mini_rare_corridor_liquid, uniq_mara, uniq_bai_suzhen
Vaults:1: v_misc_15, v_pattern_1, v_alt_pattern_6, v_alt_pattern_2, v_misc_17,
          vaults_room_stairs_pillars, layout_vaults_chaotic_city, uniq_asterion
Vaults:2: hangedman_vaults_variations, nicolae_vaults_what_the_h,
          hangedman_vaults_stagger, v_misc_3, minmay_crypt_entry_simple_corners,
          ontoclasm_vaults_decontamination, v_misc_22, ontoclasm_vaults_chip,
          vaults_room_stairs_pillars, layout_vaults_omnigrid
Vaults:3: ontoclasm_vaults_water_temple, vaults_dpeg_spiral,
          nicolae_vaults_little_squares_6, ontoclasm_vaults_chip,
          nicolae_vaults_sealed_display, v_misc_8, vaults_mumra_hex,
          layout_vaults_omnicross
Vaults:4: grunt_vaults_twisty, hangedman_vaults_restitches,
          nicolae_vaults_little_squares_1, hangedman_vaults_river_flow,
          hangedman_vaults_stream, v_misc_16, nicolae_vaults_little_squares_4,
          nicolae_vaults_puzzle_piece, gammafunk_sealed_arena,
          ontoclasm_vaults_bender, v_misc_11, v_misc_24,
          ontoclasm_vaults_loading_screen, layout_vaults_maze, serial_shops,
          shop
Vaults:5: serial_shops
Crypt:1:  layout_gridlike, grunt_crypt_arrival_split
Crypt:2:  layout_chaotic_city, hex_large
Crypt:3:  church_of_pain_bobbens, layout_chaotic_city,
          tomb_entry_simple_bobbens, ebering_ghost_rock_garden, uniq_jory
Depths:1: wad_mega_maze, layout_basic, grunt_dithmenos_smoke_and_mirrors,
          hellmouth_1, minmay_multi_spiral
Depths:2: lemuel_vampire_tower, layout_basic, pan_entry,
          minmay_misc_feat_plants, grunt_hell_entry_dis_mu, serial_shops,
          nicolae_lakefront_shop, nicolae_shop_waterfront, nicolae_shop_crystal,
          shop, abandoned_shop, uniq_sojobo
Depths:3: grunt_profane_halls [grunt_profane_temple_geh,
          grunt_profane_temple_tar, grunt_profane_temple_coc,
          grunt_profane_temple_dis, grunt_profane_loot], hell_entry,
          serial_shops, abyss_entry
Depths:4: evilmike_zot_entry_round, layout_basic, grunt_pan_entry_spiral,
          pf_hell_entry_tar_river, ashenzari_conservatory_becter, serial_shops,
          shop, shop, nicolae_square_shop, abyss_entry, led_sif_pool
Hell
Dis:1:    layout_gridville
Dis:2:    grunt_dis_stairs_iron_hall
Geh:1:    layout_gehenna_pools_box
Geh:2:    layout_gehenna_lava_caves, hangedman_hellfire_club
Geh:3:    layout_gehenna_pools_box
Geh:4:    layout_gehenna_pools_basic
Geh:5:    layout_gehenna_pools_box, minmay_fire_ice_demons
Geh:6:    layout_gehenna_pools_box
Geh:7:    geh_grunt_pentagon
Coc:1:    layout_cocytus_delve
Tar:1:    layout_cathedral_of_symmetry
Zot:1:    layout_onion_interference, grunt_megastairs_1
Zot:2:    layout_gridville, st_stairs_9
Zot:3:    lemuel_firehouse, layout_onion_interference, grunt_ministairs_13
Zot:4:    layout_onion
Zot:5:    layout_misc_corridors

Skill      XL: |  1  2  3  4  5  6  7  8  9 10 11 12 13 14 15 16 17 18 19 20 21 22 23 24 25 26 27 |
---------------+----------------------------------------------------------------------------------+-----
Fighting       | 4 5 6 7 8 10 12 13 14 15 17 19 21 23 26 27 | 27.0
Armour         | 4 5 6 8 9 10 12 13 15 16 17 20 21 23 26 27 | 27.0
Shields        | 4 5 10 11 | 11.0
Axes           | 4 5 6 7 9 11 14 15 16 17 19 21 22 24 25 | 25.0
Dodging        | 1 2 3 4 5 6 7 8 10 12 14 17 18 19 20 22 25 27 | 27.0
Invocations    | 2 3 4 9 12 13 14 15 16 17 | 17.7
Evocations     | 3 5 8 |  8.0
Spellcasting   | 5 9 10 | 10.0
Throwing       | 3 10 | 10.0

Action                   |  1- 3 |  4- 6 |  7- 9 | 10-12 | 13-15 | 16-18 | 19-21 | 22-24 | 25-27 || total
-------------------------+-------+-------+-------+-------+-------+-------+-------+-------+-------++-------
Melee: War axe           |    43 |   149 |   213 |    54 |       |       |       |       |    67 ||   526
       Headbutt          |     3 |    23 |    65 |    82 |   169 |   247 |   322 |   415 |   482 ||  1808
       Broad axe         |       |       |       |   242 |    25 |       |       |       |       ||   267
       Executioner's axe |       |       |       |    35 |   638 |   849 |   969 |  1379 |  1369 ||  5239
       Sacred scourge    |       |       |       |       |       |       |       |       |    54 ||    54
Throw: Javelin           |       |       |     1 |       |       |       |     5 |     1 |    54 ||    61
Invok: Heroism           |       |       |     2 |       |     3 |     5 |     7 |     5 |       ||    22
       Finesse           |       |       |       |       |       |     2 |     2 |     2 |       ||     6
       Brand Weapon With |       |       |       |       |       |       |       |     1 |       ||     1
       Cleansing Flame   |       |       |       |       |       |       |       |       |     3 ||     3
       Summon Divine War |       |       |       |       |       |       |       |       |     4 ||     4
       Divine Shield     |       |       |       |       |       |       |       |       |     2 ||     2
Evoke: Wand              |       |       |       |       |       |       |     1 |       |     1 ||     2
  Use: Scroll            |       |       |    19 |     7 |     7 |       |     1 |    16 |     3 ||    53
       Potion            |       |       |       |     1 |       |     3 |     3 |       |    13 ||    20
 Stab: Petrified         |       |       |       |     1 |       |       |       |       |       ||     1
       Distracted        |       |       |       |       |       |       |       |     1 |       ||     1
Armor: Scale mail        |    35 |    73 |    20 |       |       |       |       |       |       ||   128
       Plate armour      |       |       |    75 |   165 |   361 |   555 |   438 |   237 |       ||  1831
       Gold dragon scale |       |       |       |       |       |       |       |   226 |   758 ||   984
Dodge: Dodged            |    26 |    73 |    76 |   142 |   420 |   760 |  1014 |   896 |  1026 ||  4433
Block: Buckler           |    14 |    31 |    56 |   119 |       |       |       |       |       ||   220
       Kite shield       |       |       |       |       |     4 |       |       |       |   112 ||   116
       Other             |       |       |       |       |       |       |    56 |   367 |   350 ||   773
       Reflection        |       |       |       |       |       |       |       |       |    14 ||    14

Table legend: (Time is in decaauts)
 A = Elapsed time spent in this place.
 B = Non-inter-level travel time spent in this place.
 C = Inter-level travel time spent in this place.
 D = Time resting spent in this place.
 E = Time spent auto-exploring this place.
 F = Levels seen in this place.
 G = Mean time per level.
                   A        B        C        D        E       F      G
               +--------+--------+--------+--------+--------+-----+--------+
         Total |  75616 |  67956 |   7660 |  11375 |  38586 |  76 |  994.9 |
       Dungeon |  18246 |  15838 |   2408 |   2803 |  10688 |  15 | 1216.4 |
        Temple |    195 |    181 |     14 |      0 |    145 |   1 |  195.0 |
          Lair |   9206 |   8126 |   1080 |   1455 |   5626 |   6 | 1534.3 |
        Shoals |   4351 |   4126 |    225 |    675 |   2234 |   4 | 1087.8 |
   Spider Nest |   6928 |   6767 |    161 |   1900 |   3862 |   4 | 1732.0 |
    Slime Pits |    552 |    552 |      0 |     24 |      0 |   5 |  110.4 |
  Orcish Mines |   3174 |   3042 |    132 |    878 |   1659 |   2 | 1587.0 |
   Elven Halls |   3257 |   2923 |    334 |    195 |   1937 |   3 | 1085.7 |
        Vaults |   9174 |   8317 |    857 |   1973 |   3815 |   5 | 1834.8 |
         Crypt |   2995 |   2750 |    245 |    221 |   1699 |   3 |  998.3 |
        Depths |   6742 |   5416 |   1326 |    288 |   2821 |   4 | 1685.5 |
          Hell |   1015 |    917 |     98 |    373 |    271 |   1 | 1015.0 |
           Dis |     59 |     52 |      7 |      0 |     16 |   2 |   29.5 |
       Gehenna |   2250 |   2070 |    180 |     19 |    231 |   7 |  321.4 |
       Cocytus |     21 |     21 |      0 |      0 |      0 |   1 |   21.0 |
      Tartarus |     21 |     21 |      0 |      0 |      0 |   1 |   21.0 |
           Zot |   5145 |   4559 |    586 |    272 |   2977 |   5 | 1029.0 |
         Abyss |   1104 |   1104 |      0 |     74 |      0 |   4 |  276.0 |
       Ossuary |    230 |    230 |      0 |      0 |    151 |   1 |  230.0 |
        Bailey |    446 |    446 |      0 |      0 |    312 |   1 |  446.0 |
      Gauntlet |    496 |    496 |      0 |    225 |    141 |   1 |  496.0 |
               +--------+--------+--------+--------+--------+-----+--------+

Top non-repeatable levels by time:
Spider:2: 2657 daAuts
Depths:1: 2473 daAuts
  Lair:4: 2389 daAuts
Vaults:3: 2008 daAuts
    D:13: 1946 daAuts
Vaults:4: 1938 daAuts
Vaults:1: 1931 daAuts
  Lair:6: 1896 daAuts
Spider:3: 1861 daAuts
     D:7: 1828 daAuts
   Zot:1: 1822 daAuts
     D:5: 1795 daAuts
   Orc:1: 1688 daAuts
Vaults:2: 1678 daAuts
Shoals:1: 1670 daAuts
